 Dungeon Sprint DCSS version 0.29.1-15-g9cfb28693d (webtiles) character file.

Game seed: 13363946876060180283

1100000 DiggyJ the Fetichist (level 14, -71/123 HPs)
             Began as a Gnoll Artificer on Apr 5, 2023.
             Annihilated by a destroyer
             ... wielding a +9 vorpal great sword
              (106 damage)
             ... in the Dungeon (Sprint VIII: "Arena of Blood").
             The game lasted 00:02:47 (11 turns).

DiggyJ the Fetichist (Gnoll Artificer)                Turns: 11, Time: 00:02:47

Health: -71/123    AC:  5    Str: 13    XL:     14   Next: 13%
Magic:  2/32       EV: 18    Int: 14    God:
Gold:   0          SH:  0    Dex: 13    Spells: 42/42 levels left

rFire   . . .      SeeInvis .   a - +0 club
rCold   . . .      Faith    .   (no shield)
rNeg    . . .      Spirit   .   b - +0 leather armour
rPois   .          Reflect  .   (no helmet)
rElec   .          Harm     .   (no cloak)
rCorr   .          Rampage  .   (no gloves)
Will    +....      NoTele   +   (no boots)
Stlth   ++++++....              (no amulet)
HPRegen 0.30/turn               (no ring)
MPRegen 0.23/turn               (no ring)

@: no status effects
A: fangs 1, strong nose, distributed training
a: no special abilities


You were in the Dungeon.
You visited 1 branch

Inventory:

Hand Weapons
 a - a +0 club (weapon)
 l - the +∞ Axe of Woe
   (You found it in the Dungeon)
Armour
 b - a +0 leather armour (worn)
Wands
 c - a wand of flame (15) (quivered)
 d - a wand of charming (15)
 e - a wand of iceblast (5)
Potions
 f - a potion of curing
 g - a potion of heal wounds
 h - a potion of haste
 i - 2 potions of magic
 j - a potion of berserk rage


   Skills:
 + Level 15.0 Fighting
 + Level 14.8 Short Blades
 + Level 14.8 Long Blades
 + Level 14.8 Axes
 + Level 14.8 Maces & Flails
 + Level 14.8 Polearms
 + Level 14.8 Staves
 + Level 14.8 Ranged Weapons
 + Level 14.8 Throwing
 + Level 15.4 Armour
 + Level 15.0 Dodging
 + Level 15.0 Stealth
 + Level 14.8 Shields
 + Level 14.8 Unarmed Combat
 + Level 14.8 Spellcasting
 + Level 12.6 Conjurations
 + Level 12.6 Hexes
 + Level 12.6 Summonings
 + Level 12.6 Necromancy
 + Level 12.6 Translocations
 + Level 12.6 Transmutations
 + Level 12.6 Fire Magic
 + Level 12.6 Ice Magic
 + Level 12.6 Air Magic
 + Level 12.6 Earth Magic
 + Level 12.6 Poison Magic
 + Level 16.0 Invocations
 + Level 16.0 Evocations


You had 42 spell levels left.
You didn't know any spells.
Your spell library was empty.

Dungeon Overview and Level Annotations

Branches:
Dungeon (1/1)

Altars:
Makhleb


Innate Abilities, Weirdness & Mutations

You have very sharp teeth.
Your uncanny sense of smell can sniff out nearby items.
Your experience applies equally to all skills.


Message History

Your Maces & Flails skill gained 3 levels and is now at level 14!
Your Polearms skill gained 3 levels and is now at level 14!
Your Staves skill gained 3 levels and is now at level 14!
Your Ranged Weapons skill gained 3 levels and is now at level 14!
Your Throwing skill gained 3 levels and is now at level 14!
Your Armour skill gained 3 levels and is now at level 15!
Your Dodging skill gained 4 levels and is now at level 15!
Your Stealth skill gained 4 levels and is now at level 15!
Your Shields skill gained 3 levels and is now at level 14!
Your Unarmed Combat skill gained 3 levels and is now at level 14!
Your Spellcasting skill gained 3 levels and is now at level 14!
Your Conjurations skill gained 3 levels and is now at level 12!
Your Hexes skill gained 3 levels and is now at level 12!
Your Summonings skill gained 3 levels and is now at level 12!
Your Necromancy skill gained 3 levels and is now at level 12!
Your Translocations skill gained 3 levels and is now at level 12!
Your Transmutations skill gained 3 levels and is now at level 12!
Your Fire Magic skill gained 3 levels and is now at level 12!
Your Ice Magic skill gained 3 levels and is now at level 12!
Your Air Magic skill gained 3 levels and is now at level 12!
Your Earth Magic skill gained 3 levels and is now at level 12!
Your Poison Magic skill gained 3 levels and is now at level 12!
Your Invocations skill gained 4 levels and is now at level 16!
Your Evocations skill gained 3 levels and is now at level 16!
You have reached level 13!
You have reached level 14!
Okay, then.
Okay, then.
a - a +0 club (weapon)
You hear a shout! x2
A bag of meat comes into view. It is wielding a +9 war axe.
The bag of meat hits you with a +9 war axe!
* * * LOW HITPOINT WARNING * * *
A bag of meat comes into view. It is wielding a +9 war axe.
The destroyer hits you with a +9 vorpal great sword!!!!
Ouch! That really hurt!
You die...

. ..# .. ...# ....... ..
.. ...###...... .. oO
..###........... O###.o.
..._............ o...oo.
#.....#.......#.#...oo..
#_.<._#...o.§.......o...
#..)..#......#.#V#O.o...
..._..O.§...OooO@.oo....
..###.......O.#o#)#..#..
.......###........o. ...
....o..#.............# .
.......#............#oo
...................O. ..
..o........#...#...... #
..........#....#....o##


You could see a destroyer, 7 meat berserkers and 17 bags of meat.

Vanquished Creatures
  3 ogres (D)
3 creatures vanquished.

Notes
Turn   | Place    | Note
-------+----------+-------------------------------------------
     0 | D        | Found the +∞ Axe of Woe
     0 | D        | DiggyJ the Gnoll Artificer began the quest for the Orb.
     0 | D        | Reached XP level 1. HP: 17/17 MP: 1/1
     0 | D        | Noticed a meat berserker
     3 | D        | Killed a meat berserker
     3 | D        | Noticed a meat berserker
     3 | D        | Noticed a bag of meat
     3 | D        | Noticed a bag of meat
     4 | D        | Reached XP level 2. HP: 38/38 MP: 1/14
     4 | D        | Reached XP level 3. HP: 44/44 MP: 1/16
     4 | D        | Reached XP level 4. HP: 51/51 MP: 1/17
     4 | D        | Reached XP level 5. HP: 57/57 MP: 1/19
     4 | D        | Reached XP level 6. HP: 64/64 MP: 1/20
     4 | D        | Reached XP level 7. HP: 69/69 MP: 1/22
     4 | D        | Reached XP level 8. HP: 76/76 MP: 1/23
     4 | D        | Reached XP level 9. HP: 82/82 MP: 1/24
     4 | D        | Reached XP level 10. HP: 89/89 MP: 1/25
     4 | D        | Reached XP level 11. HP: 95/95 MP: 1/26
     4 | D        | Reached XP level 12. HP: 102/102 MP: 1/27
     5 | D        | Noticed a bag of meat
     6 | D        | Noticed a meat berserker
     6 | D        | Noticed a meat berserker
     6 | D        | Noticed a bag of meat
     7 | D        | Noticed a meat berserker
     7 | D        | Noticed a bag of meat
     8 | D        | Noticed a bag of meat
     8 | D        | Noticed a bag of meat
     8 | D        | Noticed a bag of meat
     8 | D        | Noticed a bag of meat
     8 | D        | Noticed a destroyer
     8 | D        | Noticed a meat berserker
     8 | D        | Noticed a bag of meat
     8 | D        | Noticed a meat berserker
     8 | D        | Noticed a bag of meat
     8 | D        | Noticed a bag of meat
     8 | D        | Noticed a bag of meat
     9 | D        | Noticed a bag of meat
     9 | D        | Noticed a bag of meat
     9 | D        | Noticed a bag of meat
     9 | D        | Noticed a bag of meat
     9 | D        | Noticed a bag of meat
     9 | D        | Noticed a meat berserker
     9 | D        | Noticed a meat berserker
    10 | D        | Killed a meat berserker
    10 | D        | Killed a meat berserker
    10 | D        | Noticed a bag of meat
    10 | D        | Noticed a meat berserker
    11 | D        | Reached skill level 15 in Fighting
    11 | D        | Reached skill level 15 in Armour
    11 | D        | Reached skill level 15 in Dodging
    11 | D        | Reached skill level 15 in Stealth
    11 | D        | Reached XP level 13. HP: 41/115 MP: 2/31
    11 | D        | Reached XP level 14. HP: 44/123 MP: 2/32
    11 | D        | Noticed a bag of meat
    11 | D        | Noticed a bag of meat
    11 | D        | Annihilated by a destroyer

Illustrated notes

Levels and vault maps discovered:
D:        meatsprint

Skill      XL: |  1  2  3  4  5  6  7  8  9 10 11 12 |
---------------+-------------------------------------+-----
Fighting       | 11 15 | 15.0
Short Blades   | 11 14 | 14.8
Long Blades    | 11 14 | 14.8
Axes           | 11 14 | 14.8
Maces & Flails | 11 14 | 14.8
Polearms       | 11 14 | 14.8
Staves         | 11 14 | 14.8
Ranged Weapons | 11 14 | 14.8
Throwing       | 11 14 | 14.8
Armour         | 12 15 | 15.4
Dodging        | 11 15 | 15.0
Stealth        | 11 15 | 15.0
Shields        | 11 14 | 14.8
Unarmed Combat | 11 14 | 14.8
Spellcasting   | 11 14 | 14.8
Conjurations   | 9 12 | 12.6
Hexes          | 9 12 | 12.6
Summonings     | 9 12 | 12.6
Necromancy     | 9 12 | 12.6
Translocations | 9 12 | 12.6
Transmutations | 9 12 | 12.6
Fire Magic     | 9 12 | 12.6
Ice Magic      | 9 12 | 12.6
Air Magic      | 9 12 | 12.6
Earth Magic    | 9 12 | 12.6
Poison Magic   | 9 12 | 12.6
Invocations    | 12 16 | 16.0
Evocations     | 13 16 | 16.0

Action                   |  1- 3 |  4- 6 |  7- 9 | 10-12 | 13-15 || total
-------------------------+-------+-------+-------+-------+-------++-------
Melee: Executioner's axe |     1 |       |       |     1 |       ||     2
  Use: Scroll            |       |       |       |     1 |       ||     1
Dodge: Dodged            |       |       |       |     1 |       ||     1
